Tamiflu vs Sewer Rats

Created - 4 mars 2017 at 22:11

Goals
1 2 3 T
Tamiflu 2 1 1 4
Sewer Rats 0 2 3 5
Shots
1 2 3 T
Tamiflu 15 9 12 36
Sewer Rats 12 13 10 35

1st period

1. Tamiflu , Robert Dome 22 (Greg Mauldin, Petr Pohl) at 9:19
2. Tamiflu , Petr Pohl 28 (Greg Mauldin) at 16:08

Penalties :
Ville Leino (Tol) for High sticking (Minor) at 5:14, Jarred Tinordi (Tol) for Roughing (Minor) at 12:22, Jamie Arniel (Det) for Hooking (Minor) at 18:20

2nd period

3. Sewer Rats , Peter Mueller 15 (Richard Jackman) at 0:10 (PP)
4. Tamiflu , Tye McGinn 16 (Mattias Tedenby, Jamie Arniel) at 0:16
5. Sewer Rats , Mark Mancari 24 (Peter Mueller) at 11:16

Penalties :
Mattias Ekholm (Tol) for Interference (Minor) at 1:29, Peter Mueller (Tol) for Hooking (Minor) at 5:52, Robert Dome (Det) for Holding (Minor) at 16:12, Ville Leino (Tol) for Hooking (Minor) at 19:20

3rd period

6. Tamiflu , Tye McGinn 17 (Jamie Arniel) at 4:29
7. Sewer Rats , Jared Boll 24 (Kyle Turris) at 5:34
8. Sewer Rats , Kyle Quincey 2 (Kyle Turris, Vojtech Polak) at 7:53 (PP)
9. Sewer Rats , Ville Leino 39 (Patrick Bordeleau, Kyle Quincey) at 11:47

Penalties :
Stefan Elliott (Det) for Roughing (Minor) at 5:57, Vojtech Polak (Tol) for Hooking (Minor) at 16:01

Goalie Stats

Tyler Beskorowany (Det), 30 saves from 35 shots - (0,857), L, 0-1-0, 59:13 minutes
Richard Bachman (Tol), 32 saves from 36 shots - (0,889), W, 20-20-1, 60:00 minutes

Players Stats for Tamiflu

Player Name              G  A  P  +/- PIM S  H  SB GA TA FO     MP     PP MP  PK MP  
------------------------------------------------------------------------------------
Adam Larsson             0  0  0   1  0   2  1  2  0  0  0/0    15:16   0:58   2:57 
Casey Wellman            0  0  0   0  0   0  0  0  0  0  1/4     5:52   0:00   0:00 
Colin Greening           0  0  0   0  0   2  0  0  0  0  4/9     9:38   0:11   1:02 
Greg Mauldin             0  2  2   0  0   4  1  1  1  0  15/27  22:30   6:06   1:17 
Jamie Arniel             0  2  2   1  2   1  0  1  0  1  17/24  19:27   5:31   1:00 
Jan Mursak               0  0  0   0  0   2  0  0  0  0  0/0     8:52   0:00   3:00 
Jordan Hendry            0  0  0  -1  0   1  4  1  1  0  0/0    23:14   6:26   2:48 
Kyle Lawson              0  0  0   1  0   0  0  0  0  1  0/0    10:44   0:00   0:00 
Lucas Lessio             0  0  0   0  0   1  3  0  0  1  0/0    10:39   0:14   1:01 
Mattias Tedenby          0  1  1   1  0   3  1  0  3  0  0/0    13:51   0:20   0:00 
Mike Duco                0  0  0   0  0   0  1  0  1  0  0/0    14:51   5:31   1:29 
Nathan Oystrick          0  0  0  -1  0   2  0  4  0  0  0/0    20:55   4:30   2:57 
Petr Pohl                1  1  2   0  0   6  1  0  0  0  2/5    23:43   6:09   2:27 
Philip Samuelsson        0  0  0   1  0   1  0  2  1  3  0/0    28:18   7:24   2:48 
Robert Dome              1  0  1   0  2   5  5  0  0  0  1/1    20:24   6:09   0:00 
Stefan Elliott           0  0  0   1  2   0  0  0  1  0  0/0    21:32   4:30   0:00 
Tanner Kero              0  0  0   0  0   0  0  0  0  0  0/0     6:06   0:00   0:14 
Tye McGinn               2  0  2   1  0   6  0  1  0  0  0/0    18:20   5:31   0:00 

Players Stats for Sewer Rats

Player Name              G  A  P  +/- PIM S  H  SB GA TA FO     MP     PP MP  PK MP  
------------------------------------------------------------------------------------
Daniel Carr              0  0  0   0  0   0  0  0  0  0  0/0     2:30   0:00   2:30 
Derek Dorsett            0  0  0  -1  0   0  0  0  0  0  0/0    11:02   0:00   0:00 
Evan Brophey             0  0  0   1  0   0  0  1  0  0  0/1     3:44   0:00   0:00 
Jared Boll               1  0  1   1  0   3  3  0  0  0  0/0    15:11   2:30   0:00 
Jarred Tinordi           0  0  0   0  2   2  1  0  0  0  0/0     8:52   0:00   0:00 
Joel Edmundson           0  0  0  -1  0   0  0  0  0  0  0/0     2:31   0:00   0:00 
John Lammers             0  0  0  -1  0   1  1  0  0  0  0/0    11:15   0:00   0:08 
Jonathan Marchessault    0  0  0  -1  0   0  0  0  1  0  0/1    11:02   0:00   0:00 
Kyle Quincey             1  1  2   1  0   3  2  1  0  1  0/0    20:17   2:45   4:17 
Kyle Turris              0  2  2   1  0   6  1  0  0  0  7/17   18:27   2:30   3:03 
Mark Mancari             1  0  1  -2  0   3  2  0  1  0  2/2    20:46   3:15   3:03 
Matt Lashoff             0  0  0  -1  0   2  1  0  0  2  0/0    28:27   3:00   7:37 
Mattias Ekholm           0  0  0   0  2   1  1  0  0  2  0/0     8:51   0:00   0:00 
Nick Cousins             0  0  0   0  0   0  0  0  0  0  0/0     0:00   0:00   0:00 
Patrick Bordeleau        0  1  1   1  0   0  2  0  0  0  0/0     3:44   0:00   0:00 
Peter Mueller            1  1  2  -2  2   7  1  0  1  1  14/37  23:36   3:15   5:41 
Richard Jackman          0  1  1  -1  0   0  3  1  1  2  0/0    28:27   3:00   7:37 
Ryan Murphy              0  0  0  -1  0   0  0  0  0  0  0/0     2:31   0:00   0:00 
Steven Kampfer           0  0  0   1  0   2  0  0  1  0  0/0    20:17   2:45   4:17 
Tom Sestito              0  0  0   1  0   0  0  0  0  0  0/0     1:23   0:00   0:00 
Ville Leino              1  0  1  -2  4   5  1  0  1  0  3/5    24:13   3:15   3:57 
Vincent Trocheck         0  0  0   0  0   0  0  0  0  0  4/6     4:54   0:00   4:49 
Vojtech Polak            0  1  1   1  2   0  3  0  0  0  0/1    15:23   2:30   0:00 
William Karlsson         0  0  0   0  0   0  0  0  0  0  0/0     0:37   0:00   0:37 

3 Stars

1 - Tye McGinn (Det)
2 - Kyle Quincey (Tol)
3 - Jared Boll (Tol)

Power Play

Tamiflu - 0 on 6 Attempt(s) - 0,00%
Sewer Rats - 2 on 3 Attempt(s) - 66,67%

Penalty Kill

Tamiflu - 1 on 3 Attempt(s) - 33,33% - Score 0 goal in Penalty Kill
Sewer Rats - 6 on 6 Attempt(s) - 100,00% - Score 0 goal in Penalty Kill

Team Stat

Tamiflu - Hits : 17 - Faceoff Wins : 40 - Blocked Shots : 12 - Penalty Minutes : 6
Sewer Rats - Hits : 22 - Faceoff Wins : 30 - Blocked Shots : 3 - Penalty Minutes : 12

Official

Referees : Leggo Mike and Meier Brad
Linesman : David Brisebois and Pierre Racicot

Game Notes

No Game Note

Finance

Level 1 -- Attendance: 1544 (77,20%) -- Ticket Income 46 320 $
Level 2 -- Attendance: 741 (74,10%) -- Ticket Income 8 892 $
Total Attendance: 2285 (76,17%)
Total Ticket Income: 55 212 $
Other Income: 2 761 $
Total Income: 57 973 $

Tamiflu

5 vs 5 Forward 
   Center                   Left Wing                Right Wing               Time % Phy DF OF 
 1 Greg Mauldin             Robert Dome              Petr Pohl                35     0   2  3  
 2 Jamie Arniel             Tye McGinn               Mattias Tedenby          35     0   2  3  
 3 Colin Greening           Lucas Lessio             Mike Duco                20     1   2  2  
 4 Casey Wellman            Tanner Kero              Jan Mursak               10     1   2  2  

5 vs 5 Defense 
   Defense                  Defense                                           Time % Phy DF OF 
 1 Philip Samuelsson        Stefan Elliott                                    40     1   2  2  
 2 Nathan Oystrick          Jordan Hendry                                     30     1   2  2  
 3 Kyle Lawson              Adam Larsson                                      20     1   2  2  
 4 Kyle Lawson              Adam Larsson                                      10     1   3  1  

PowerPlay Forward 
   Center                   Left Wing                Right Wing               Time % Phy DF OF 
 1 Greg Mauldin             Robert Dome              Petr Pohl                60     0   1  4  
 2 Jamie Arniel             Tye McGinn               Mike Duco                40     0   1  4  

PowerPlay Defense
   Defense                  Defense                                           Time % Phy DF OF 
 1 Philip Samuelsson        Jordan Hendry                                     60     0   2  3  
 2 Nathan Oystrick          Stefan Elliott                                    40     0   2  3  

Penalty Kill 4 Players Forward 
   Center                   Wing                     Time % Phy DF OF 
 1 Petr Pohl                Jan Mursak               60     1   3  1  
 2 Jamie Arniel             Mike Duco                40     1   3  1  

Penalty Kill 4 Players Defense
   Defense                  Defense                  Time % Phy DF OF 
 1 Nathan Oystrick          Adam Larsson             50     1   3  1  
 2 Philip Samuelsson        Jordan Hendry            50     1   3  1  

Penalty Kill - 3 Players Forward 
   Forward                                           Time % Phy DF OF 
 1 Jan Mursak                                        60     1   4  0  
 2 Mike Duco                                         40     1   4  0  

Penalty Kill - 3 Players Defense
   Defense                  Defense                  Time % Phy DF OF 
 1 Nathan Oystrick          Jordan Hendry            60     1   4  0  
 2 Philip Samuelsson        Adam Larsson             40     1   4  0  

4 vs 4 Forward 
   Center                   Wing                     Time % Phy DF OF 
 1 Greg Mauldin             Petr Pohl                50     1   2  2  
 2 Robert Dome              Mattias Tedenby          50     1   2  2  

4 vs 4 Defense
   Defense                  Defense                  Time % Phy DF OF 
 1 Philip Samuelsson        Jordan Hendry            60     1   2  2  
 2 Nathan Oystrick          Adam Larsson             40     1   2  2  

Last Minutes Offensive
   Center                   Left Wing                Right Wing               Defense                  Defense                  
   Greg Mauldin             Robert Dome              Petr Pohl                Philip Samuelsson        Jordan Hendry            

Last Minutes Defensive
   Center                   Left Wing                Right Wing               Defense                  Defense                  
   Jamie Arniel             Jan Mursak               Mike Duco                Philip Samuelsson        Nathan Oystrick          

Goaltenders
Starting : Tyler Beskorowany        
Backup : Phoenix Copley           

Extra Forwards
Normal : Petr Pohl, Mattias Tedenby, Mike Duco - PP : Mattias Tedenby, Mike Duco - PK : Greg Mauldin
Extra Defensemen
Normal : Philip Samuelsson, Jordan Hendry, Adam Larsson - PP : Nathan Oystrick - PK : Stefan Elliott, Jordan Hendry
Penalty Shots
Mattias Tedenby, Jamie Arniel, Robert Dome, Greg Mauldin, Casey Wellman

Sewer Rats

5 vs 5 Forward 
   Center                   Left Wing                Right Wing               Time % Phy DF OF 
 1 Peter Mueller            Ville Leino              Mark Mancari             40     1   2  2  
 2 Kyle Turris              Vojtech Polak            Jared Boll               30     1   2  2  
 3 Jonathan Marchessault    John Lammers             Derek Dorsett            20     1   2  2  
 4 Evan Brophey             Patrick Bordeleau        Ville Leino              10     1   2  2  

5 vs 5 Defense 
   Defense                  Defense                                           Time % Phy DF OF 
 1 Richard Jackman          Matt Lashoff                                      40     1   2  2  
 2 Kyle Quincey             Steven Kampfer                                    30     1   2  2  
 3 Mattias Ekholm           Jarred Tinordi                                    20     1   2  2  
 4 Joel Edmundson           Ryan Murphy                                       10     1   2  2  

PowerPlay Forward 
   Center                   Left Wing                Right Wing               Time % Phy DF OF 
 1 Peter Mueller            Ville Leino              Mark Mancari             60     1   2  2  
 2 Kyle Turris              Vojtech Polak            Jared Boll               40     1   2  2  

PowerPlay Defense
   Defense                  Defense                                           Time % Phy DF OF 
 1 Richard Jackman          Matt Lashoff                                      60     1   2  2  
 2 Kyle Quincey             Steven Kampfer                                    40     1   2  2  

Penalty Kill 4 Players Forward 
   Center                   Wing                     Time % Phy DF OF 
 1 Ville Leino              Peter Mueller            60     1   2  2  
 2 Mark Mancari             Kyle Turris              40     1   2  2  

Penalty Kill 4 Players Defense
   Defense                  Defense                  Time % Phy DF OF 
 1 Richard Jackman          Matt Lashoff             60     1   2  2  
 2 Kyle Quincey             Steven Kampfer           40     1   2  2  

Penalty Kill - 3 Players Forward 
   Forward                                           Time % Phy DF OF 
 1 Ville Leino                                       60     1   2  2  
 2 Peter Mueller                                     40     1   2  2  

Penalty Kill - 3 Players Defense
   Defense                  Defense                  Time % Phy DF OF 
 1 Richard Jackman          Matt Lashoff             60     1   2  2  
 2 Kyle Quincey             Steven Kampfer           40     1   2  2  

4 vs 4 Forward 
   Center                   Wing                     Time % Phy DF OF 
 1 Ville Leino              Peter Mueller            60     1   2  2  
 2 Mark Mancari             Kyle Turris              40     1   2  2  

4 vs 4 Defense
   Defense                  Defense                  Time % Phy DF OF 
 1 Richard Jackman          Matt Lashoff             60     1   2  2  
 2 Kyle Quincey             Steven Kampfer           40     1   2  2  

Last Minutes Offensive
   Center                   Left Wing                Right Wing               Defense                  Defense                  
   Peter Mueller            Ville Leino              Mark Mancari             Richard Jackman          Matt Lashoff             

Last Minutes Defensive
   Center                   Left Wing                Right Wing               Defense                  Defense                  
   Peter Mueller            Ville Leino              Mark Mancari             Richard Jackman          Matt Lashoff             

Goaltenders
Starting : Richard Bachman          
Backup : Brad Thiessen            

Extra Forwards
Normal : Tom Sestito, Daniel Carr, Vincent Trocheck - PP : Tom Sestito, Daniel Carr - PK : Vincent Trocheck
Extra Defensemen
Normal : Mattias Ekholm, Jarred Tinordi, Joel Edmundson - PP : Mattias Ekholm - PK : Jarred Tinordi, Joel Edmundson
Penalty Shots
Ville Leino, Peter Mueller, Mark Mancari, Kyle Turris, Vojtech Polak

% Time on Ice - Tamiflu

Lines # - Real PCT - Wanted PCT - Time Play
Normal Forward
1 - 34% - 35% - 14:07
2 - 32% - 35% - 13:06
3 - 20% - 20% - 8:06
4 - 14% - 10% - 5:52
Normal Defense
1 - 41% - 40% - 16:44
2 - 34% - 30% - 13:51
3 - 20% - 20% - 8:14
4 - 6% - 10% - 2:22
PP Forward
1 - 54% - 60% - 6:23
2 - 46% - 40% - 5:31
PP Defense
1 - 62% - 60% - 7:24
2 - 38% - 40% - 4:30
PK Forward
1 - 74% - 60% - 4:16
2 - 26% - 40% - 1:29
PK Defense
1 - 51% - 50% - 2:57
2 - 49% - 50% - 2:48
PK3 Forward
1 - 0% - 60%
2 - 0% - 40%
PK3 Defense
1 - 0% - 60%
2 - 0% - 40%
44 Forward
1 - 0% - 50%
2 - 0% - 50%
44 Defense
1 - 0% - 60%
2 - 0% - 40%
Last Minute Offensive  - 1:10
Last Minute Defensive  - 0:00
Total
Forward - 60:00
Defense - 60:00

% Time on Ice - Sewer Rats

Lines # - Real PCT - Wanted PCT - Time Play
Normal Forward
1 - 33% - 40% - 13:42
2 - 31% - 30% - 12:54
3 - 27% - 20% - 11:02
4 - 9% - 10% - 3:44
Normal Defense
1 - 41% - 40% - 17:08
2 - 32% - 30% - 13:15
3 - 20% - 20% - 8:28
4 - 6% - 10% - 2:31
PP Forward
1 - 57% - 60% - 3:15
2 - 43% - 40% - 2:30
PP Defense
1 - 52% - 60% - 3:00
2 - 48% - 40% - 2:45
PK Forward
1 - 74% - 60% - 8:51
2 - 26% - 40% - 3:03
PK Defense
1 - 64% - 60% - 7:37
2 - 36% - 40% - 4:17
PK3 Forward
1 - 0% - 60%
2 - 0% - 40%
PK3 Defense
1 - 0% - 60%
2 - 0% - 40%
44 Forward
1 - 0% - 60%
2 - 0% - 40%
44 Defense
1 - 0% - 60%
2 - 0% - 40%
Last Minute Offensive  - 0:00
Last Minute Defensive  - 0:59
Total
Forward - 60:00
Defense - 60:00

Play by Play

1st period


0:01 of 1st period - Ville Leino wins face-off versus Greg Mauldin in neutral zone.
0:11 of 1st period - Snap shot by Petr Pohl.
0:11 of 1st period - Shot Misses the Net.
0:13 of 1st period - Slapshot by Philip Samuelsson.
0:13 of 1st period - Shot Misses the Net.
0:15 of 1st period - Slapshot by Philip Samuelsson.
0:15 of 1st period - Deflect By Greg Mauldin.
0:15 of 1st period - Shot Misses the Net.
0:15 of 1st period - Puck is out of play.
0:16 of 1st period - Kyle Turris wins face-off versus Jamie Arniel in Sewer Rats zone.
1:00 of 1st period - Ville Leino is hit by Jordan Hendry and loses puck.
1:14 of 1st period - Jordan Hendry is hit by Jarred Tinordi and loses puck.
2:28 of 1st period - Snap shot by Petr Pohl.
2:28 of 1st period - Stopped by Richard Bachman with a rebound.
3:11 of 1st period - Wrist shot by Tye McGinn.
3:11 of 1st period - Stopped by Richard Bachman with a rebound.
3:17 of 1st period - Tye McGinn is hit by John Lammers.
3:28 of 1st period - Off-side.
3:29 of 1st period - Colin Greening wins face-off versus Kyle Turris in neutral zone.
3:54 of 1st period - Mattias Ekholm is hit by Robert Dome and loses puck.
4:13 of 1st period - Snap shot by Mattias Tedenby.
4:13 of 1st period - Shot Misses the Net.
4:15 of 1st period - Slapshot by Tye McGinn.
4:15 of 1st period - Shot Misses the Net.
4:17 of 1st period - Slapshot by Adam Larsson.
4:17 of 1st period - Stopped by Richard Bachman with a rebound.
4:19 of 1st period - Slapshot by Kyle Lawson.
4:19 of 1st period - Deflect By Tye McGinn.
4:19 of 1st period - Shot Blocked by Evan Brophey.
4:19 of 1st period - Puck is out of play.
4:20 of 1st period - Jamie Arniel wins face-off versus Kyle Turris in Sewer Rats zone.
4:23 of 1st period - Snap shot by Mattias Tedenby.
4:23 of 1st period - Deflect By Tye McGinn.
4:23 of 1st period - Stopped by Richard Bachman with a rebound.
4:47 of 1st period - Nathan Oystrick is hit by Kyle Quincey and loses puck.
5:12 of 1st period - Slapshot by Mike Duco.
5:12 of 1st period - Deflect By Colin Greening.
5:12 of 1st period - Stopped by Richard Bachman with a rebound.
5:14 of 1st period - Minor Penalty to Ville Leino for High sticking.
5:15 of 1st period - Vincent Trocheck wins face-off versus Petr Pohl in Sewer Rats zone.
5:22 of 1st period - Snap shot by Greg Mauldin.
5:22 of 1st period - Shot Misses the Net.
5:44 of 1st period - Peter Mueller is hit by Mike Duco and loses puck.
5:49 of 1st period - Slapshot by Tye McGinn.
5:49 of 1st period - Stopped by Richard Bachman without a rebound.
5:50 of 1st period - Vincent Trocheck wins face-off versus Greg Mauldin in Sewer Rats zone.
6:03 of 1st period - Wrist shot by Mike Duco.
6:03 of 1st period - Shot Misses the Net.
6:27 of 1st period - Matt Lashoff is hit by Robert Dome and loses puck.
7:14 of 1st period - Penalty to Ville Leino is over, Ville Leino is back on ice.
7:19 of 1st period - Icing by Ville Leino.
7:20 of 1st period - Mark Mancari wins face-off versus Casey Wellman in Sewer Rats zone.
7:27 of 1st period - Wrist shot by Ville Leino.
7:27 of 1st period - Stopped by Tyler Beskorowany with a rebound.
7:47 of 1st period - Robert Dome is hit by Peter Mueller and loses puck.
7:52 of 1st period - Slapshot by Ville Leino.
7:52 of 1st period - Shot Blocked by Adam Larsson.
7:54 of 1st period - Slapshot by Steven Kampfer.
7:54 of 1st period - Stopped by Tyler Beskorowany with a rebound.
8:08 of 1st period - Wrist shot by Tye McGinn.
8:08 of 1st period - Shot Misses the Net.
8:18 of 1st period - Jamie Arniel is hit by Matt Lashoff and loses puck.
9:04 of 1st period - Kyle Lawson is hit by Mark Mancari and loses puck.
9:17 of 1st period - Snap shot by Petr Pohl.
9:17 of 1st period - Deflect By Greg Mauldin.
9:17 of 1st period - Stopped by Richard Bachman with a rebound.
9:19 of 1st period - Snap shot by Robert Dome.
9:19 of 1st period - Goal by Robert Dome - Tamiflu : 1 - Sewer Rats : 0.
9:20 of 1st period - Greg Mauldin wins face-off versus Peter Mueller in neutral zone.
9:54 of 1st period - Jamie Arniel is hit by Jared Boll and loses puck.
10:13 of 1st period - Wrist shot by Colin Greening.
10:13 of 1st period - Stopped by Richard Bachman without a rebound.
10:14 of 1st period - Petr Pohl wins face-off versus Peter Mueller in Sewer Rats zone.
10:23 of 1st period - Slapshot by Petr Pohl.
10:23 of 1st period - Stopped by Richard Bachman without a rebound.
10:24 of 1st period - Greg Mauldin wins face-off versus Peter Mueller in Sewer Rats zone.
10:25 of 1st period - Wrist shot by Robert Dome.
10:25 of 1st period - Stopped by Richard Bachman without a rebound.
10:26 of 1st period - Peter Mueller wins face-off versus Jamie Arniel in Sewer Rats zone.
10:35 of 1st period - Snap shot by Peter Mueller.
10:35 of 1st period - Stopped by Tyler Beskorowany with a rebound.
10:41 of 1st period - Wrist shot by Ville Leino.
10:41 of 1st period - Deflect By Peter Mueller.
10:41 of 1st period - Shot Blocked by Philip Samuelsson.
10:41 of 1st period - Puck is out of play.
10:42 of 1st period - Kyle Turris wins face-off versus Greg Mauldin in Tamiflu zone.
10:53 of 1st period - Philip Samuelsson is hit by Jared Boll and loses puck.
11:42 of 1st period - Slapshot by Lucas Lessio.
11:42 of 1st period - Deflect By Jonathan Marchessault.
11:42 of 1st period - Shot Misses the Net.
11:42 of 1st period - Puck is out of play.
11:43 of 1st period - Greg Mauldin wins face-off versus Peter Mueller in Sewer Rats zone.
11:46 of 1st period - Wrist shot by Robert Dome.
11:46 of 1st period - Shot Misses the Net.
12:22 of 1st period - Minor Penalty to Jarred Tinordi for Roughing.
12:23 of 1st period - Robert Dome wins face-off versus Ville Leino in Sewer Rats zone.
13:14 of 1st period - Ville Leino is hit by Jordan Hendry.
14:22 of 1st period - Penalty to Jarred Tinordi is over, Jarred Tinordi is back on ice.
14:52 of 1st period - Icing by Philip Samuelsson.
14:53 of 1st period - Kyle Turris wins face-off versus Colin Greening in Tamiflu zone.
14:54 of 1st period - Snap shot by Jared Boll.
14:54 of 1st period - Stopped by Tyler Beskorowany without a rebound.
14:55 of 1st period - Colin Greening wins face-off versus Kyle Turris in Tamiflu zone.
14:55 of 1st period - Colin Greening is hit by Vojtech Polak.
15:19 of 1st period - Peter Mueller is hit by Jordan Hendry and loses puck.
15:28 of 1st period - Snap shot by Mark Mancari.
15:28 of 1st period - Stopped by Tyler Beskorowany with a rebound.
15:30 of 1st period - Slapshot by Kyle Quincey.
15:30 of 1st period - Stopped by Tyler Beskorowany with a rebound.
15:50 of 1st period - Wrist shot by Richard Jackman.
15:50 of 1st period - Shot Blocked by Tye McGinn.
16:06 of 1st period - Wrist shot by Petr Pohl.
16:06 of 1st period - Stopped by Richard Bachman without a rebound.
16:07 of 1st period - Greg Mauldin wins face-off versus Peter Mueller in Sewer Rats zone.
16:08 of 1st period - Wrist shot by Petr Pohl.
16:08 of 1st period - Goal by Petr Pohl - Tamiflu : 2 - Sewer Rats : 0.
16:09 of 1st period - Greg Mauldin wins face-off versus Peter Mueller in neutral zone.
16:12 of 1st period - Richard Jackman is hit by Petr Pohl.
16:18 of 1st period - Slapshot by Ville Leino.
16:18 of 1st period - Stopped by Tyler Beskorowany with a rebound.
16:38 of 1st period - Snap shot by John Lammers.
16:38 of 1st period - Shot Misses the Net.
17:14 of 1st period - Matt Lashoff is hit by Greg Mauldin.
17:40 of 1st period - Snap shot by Derek Dorsett.
17:40 of 1st period - Shot Misses the Net.
17:48 of 1st period - Snap shot by Jonathan Marchessault.
17:48 of 1st period - Shot Misses the Net.
17:58 of 1st period - Snap shot by Robert Dome.
17:58 of 1st period - Shot Misses the Net.
18:00 of 1st period - Slapshot by Petr Pohl.
18:00 of 1st period - Shot Blocked by Richard Jackman.
18:04 of 1st period - Snap shot by Petr Pohl.
18:04 of 1st period - Stopped by Richard Bachman with a rebound.
18:06 of 1st period - Slapshot by Petr Pohl.
18:06 of 1st period - Shot Misses the Net.
18:12 of 1st period - Snap shot by Robert Dome.
18:12 of 1st period - Deflect By Greg Mauldin.
18:12 of 1st period - Stopped by Richard Bachman without a rebound.
18:13 of 1st period - Peter Mueller wins face-off versus Jamie Arniel in Sewer Rats zone.
18:13 of 1st period - Peter Mueller is hit by Mattias Tedenby.
18:20 of 1st period - Minor Penalty to Jamie Arniel for Hooking.
18:21 of 1st period - Peter Mueller wins face-off versus Colin Greening in Tamiflu zone.
18:25 of 1st period - Slapshot by Peter Mueller.
18:25 of 1st period - Shot Misses the Net.
18:27 of 1st period - Slapshot by Steven Kampfer.
18:27 of 1st period - Deflect By Nathan Oystrick.
18:27 of 1st period - Stopped by Tyler Beskorowany with a rebound.
18:29 of 1st period - Slapshot by Steven Kampfer.
18:29 of 1st period - Shot Misses the Net.
18:31 of 1st period - Slapshot by Kyle Quincey.
18:31 of 1st period - Shot Misses the Net.
18:33 of 1st period - Wrist shot by Peter Mueller.
18:33 of 1st period - Stopped by Tyler Beskorowany without a rebound.
18:34 of 1st period - Peter Mueller wins face-off versus Colin Greening in Tamiflu zone.
18:35 of 1st period - Snap shot by Ville Leino.
18:35 of 1st period - Shot Misses the Net.
18:37 of 1st period - Snap shot by Peter Mueller.
18:37 of 1st period - Stopped by Tyler Beskorowany with a rebound.
18:39 of 1st period - Snap shot by Peter Mueller.
18:39 of 1st period - Stopped by Tyler Beskorowany without a rebound.
18:40 of 1st period - Peter Mueller wins face-off versus Colin Greening in Tamiflu zone.
18:41 of 1st period - Slapshot by Ville Leino.
18:41 of 1st period - Stopped by Tyler Beskorowany with a rebound.
19:25 of 1st period - Ville Leino is hit by Jordan Hendry and loses puck.
Goals for this period are 2 for Tamiflu vs 0 for Sewer Rats.
Shots for this period are 15 for Tamiflu vs 12 for Sewer Rats.

2nd period


0:01 of 2nd period - Peter Mueller wins face-off versus Petr Pohl in neutral zone.
0:04 of 2nd period - Slapshot by Richard Jackman.
0:04 of 2nd period - Shot Blocked by Philip Samuelsson.
0:06 of 2nd period - Slapshot by Richard Jackman.
0:06 of 2nd period - Shot Misses the Net.
0:08 of 2nd period - Slapshot by Richard Jackman.
0:08 of 2nd period - Shot Misses the Net.
0:10 of 2nd period - Slapshot by Peter Mueller.
0:10 of 2nd period - Goal by Peter Mueller - Tamiflu : 2 - Sewer Rats : 1.
0:11 of 2nd period - Jamie Arniel wins face-off versus Peter Mueller in neutral zone.
0:14 of 2nd period - Wrist shot by Mattias Tedenby.
0:14 of 2nd period - Shot Blocked by Kyle Quincey.
0:16 of 2nd period - Snap shot by Tye McGinn.
0:16 of 2nd period - Goal by Tye McGinn - Tamiflu : 3 - Sewer Rats : 1.
0:17 of 2nd period - Peter Mueller wins face-off versus Jamie Arniel in neutral zone.
0:20 of 2nd period - Wrist shot by Ville Leino.
0:20 of 2nd period - Deflect By Nathan Oystrick.
0:20 of 2nd period - Shot Misses the Net.
0:20 of 2nd period - Puck is out of play.
0:21 of 2nd period - Peter Mueller wins face-off versus Jamie Arniel in Tamiflu zone.
0:22 of 2nd period - Wrist shot by Ville Leino.
0:22 of 2nd period - Deflect By Mark Mancari.
0:22 of 2nd period - Shot Blocked by Nathan Oystrick.
0:22 of 2nd period - Puck is out of play.
0:23 of 2nd period - Jamie Arniel wins face-off versus Peter Mueller in Tamiflu zone.
1:00 of 2nd period - Wrist shot by Vojtech Polak.
1:00 of 2nd period - Deflect By Kyle Turris.
1:00 of 2nd period - Stopped by Tyler Beskorowany without a rebound.
1:01 of 2nd period - Greg Mauldin wins face-off versus Peter Mueller in Tamiflu zone.
1:15 of 2nd period - Off-side.
1:16 of 2nd period - Jamie Arniel wins face-off versus Kyle Turris in neutral zone.
1:27 of 2nd period - Snap shot by Tye McGinn.
1:27 of 2nd period - Shot Misses the Net.
1:29 of 2nd period - Minor Penalty to Mattias Ekholm for Interference.
1:30 of 2nd period - Ville Leino wins face-off versus Greg Mauldin in Sewer Rats zone.
2:37 of 2nd period - Slapshot by Steven Kampfer.
2:37 of 2nd period - Deflect By Daniel Carr.
2:37 of 2nd period - Shot Misses the Net.
2:37 of 2nd period - Puck is out of play.
2:38 of 2nd period - Greg Mauldin wins face-off versus Vincent Trocheck in Tamiflu zone.
3:27 of 2nd period - Wrist shot by Ville Leino.
3:27 of 2nd period - Shot Misses the Net.
3:29 of 2nd period - Penalty to Mattias Ekholm is over, Mattias Ekholm is back on ice.
3:51 of 2nd period - Wrist shot by Derek Dorsett.
3:51 of 2nd period - Deflect By John Lammers.
3:51 of 2nd period - Stopped by Tyler Beskorowany with a rebound.
4:13 of 2nd period - Adam Larsson is hit by Patrick Bordeleau and loses puck.
4:28 of 2nd period - Wrist shot by Kyle Turris.
4:28 of 2nd period - Stopped by Tyler Beskorowany without a rebound.
4:29 of 2nd period - Jamie Arniel wins face-off versus Kyle Turris in Tamiflu zone.
4:29 of 2nd period - Jamie Arniel is hit by Richard Jackman.
4:37 of 2nd period - Wrist shot by Mattias Tedenby.
4:37 of 2nd period - Stopped by Richard Bachman with a rebound.
4:39 of 2nd period - Snap shot by Mattias Tedenby.
4:39 of 2nd period - Shot Misses the Net.
4:41 of 2nd period - Snap shot by Tye McGinn.
4:41 of 2nd period - Stopped by Richard Bachman without a rebound.
4:42 of 2nd period - Greg Mauldin wins face-off versus Peter Mueller in Sewer Rats zone.
4:58 of 2nd period - Greg Mauldin is hit by Mark Mancari and loses puck.
5:11 of 2nd period - Snap shot by Kyle Turris.
5:11 of 2nd period - Stopped by Tyler Beskorowany without a rebound.
5:12 of 2nd period - Jamie Arniel wins face-off versus Kyle Turris in Tamiflu zone.
5:52 of 2nd period - Minor Penalty to Peter Mueller for Hooking.
5:53 of 2nd period - Ville Leino wins face-off versus Greg Mauldin in Sewer Rats zone.
6:02 of 2nd period - Matt Lashoff is hit by Robert Dome and loses puck.
7:52 of 2nd period - Penalty to Peter Mueller is over, Peter Mueller is back on ice.
8:20 of 2nd period - Wrist shot by Nathan Oystrick.
8:20 of 2nd period - Deflect By Lucas Lessio.
8:20 of 2nd period - Stopped by Richard Bachman with a rebound.
8:48 of 2nd period - Icing by Steven Kampfer.
8:49 of 2nd period - Greg Mauldin wins face-off versus Peter Mueller in Sewer Rats zone.
8:54 of 2nd period - Wrist shot by Petr Pohl.
8:54 of 2nd period - Shot Misses the Net.
9:12 of 2nd period - Slapshot by Adam Larsson.
9:12 of 2nd period - Deflect By Kyle Turris.
9:12 of 2nd period - Stopped by Richard Bachman with a rebound.
10:00 of 2nd period - Kyle Quincey is hit by Lucas Lessio and loses puck.
10:15 of 2nd period - Vojtech Polak is hit by Robert Dome and loses puck.
10:56 of 2nd period - Slapshot by Peter Mueller.
10:56 of 2nd period - Shot Misses the Net.
10:58 of 2nd period - Wrist shot by Jarred Tinordi.
10:58 of 2nd period - Stopped by Tyler Beskorowany with a rebound.
11:00 of 2nd period - Slapshot by Mattias Ekholm.
11:00 of 2nd period - Shot Blocked by Jamie Arniel.
11:02 of 2nd period - Slapshot by Jarred Tinordi.
11:02 of 2nd period - Stopped by Tyler Beskorowany without a rebound.
11:03 of 2nd period - Peter Mueller wins face-off versus Greg Mauldin in Tamiflu zone.
11:16 of 2nd period - Wrist shot by Mark Mancari.
11:16 of 2nd period - Goal by Mark Mancari - Tamiflu : 3 - Sewer Rats : 2.
11:17 of 2nd period - Jamie Arniel wins face-off versus Peter Mueller in neutral zone.
11:51 of 2nd period - Wrist shot by Vojtech Polak.
11:51 of 2nd period - Shot Blocked by Greg Mauldin.
11:53 of 2nd period - Wrist shot by Mattias Ekholm.
11:53 of 2nd period - Stopped by Tyler Beskorowany with a rebound.
12:27 of 2nd period - Off-side.
12:28 of 2nd period - Mark Mancari wins face-off versus Casey Wellman in neutral zone.
12:43 of 2nd period - Snap shot by Ville Leino.
12:43 of 2nd period - Stopped by Tyler Beskorowany without a rebound.
12:44 of 2nd period - Jamie Arniel wins face-off versus Kyle Turris in Tamiflu zone.
12:44 of 2nd period - Jamie Arniel is hit by Kyle Turris.
12:58 of 2nd period - Wrist shot by Tye McGinn.
12:58 of 2nd period - Shot Misses the Net.
13:31 of 2nd period - Icing by Petr Pohl.
13:32 of 2nd period - Colin Greening wins face-off versus Jonathan Marchessault in Tamiflu zone.
13:41 of 2nd period - Slapshot by Jordan Hendry.
13:41 of 2nd period - Stopped by Richard Bachman without a rebound.
13:42 of 2nd period - Jamie Arniel wins face-off versus Peter Mueller in Sewer Rats zone.
13:57 of 2nd period - Wrist shot by Jamie Arniel.
13:57 of 2nd period - Stopped by Richard Bachman without a rebound.
13:58 of 2nd period - Greg Mauldin wins face-off versus Kyle Turris in Sewer Rats zone.
13:59 of 2nd period - Snap shot by Petr Pohl.
13:59 of 2nd period - Stopped by Richard Bachman without a rebound.
14:00 of 2nd period - Kyle Turris wins face-off versus Greg Mauldin in Sewer Rats zone.
14:55 of 2nd period - Slapshot by Peter Mueller.
14:55 of 2nd period - Stopped by Tyler Beskorowany without a rebound.
14:56 of 2nd period - Jamie Arniel wins face-off versus Peter Mueller in Tamiflu zone.
15:12 of 2nd period - Snap shot by Nathan Oystrick.
15:12 of 2nd period - Stopped by Richard Bachman with a rebound.
15:15 of 2nd period - Icing by Kyle Quincey.
15:16 of 2nd period - Colin Greening wins face-off versus Peter Mueller in Sewer Rats zone.
15:50 of 2nd period - Slapshot by Peter Mueller.
15:50 of 2nd period - Stopped by Tyler Beskorowany without a rebound.
15:51 of 2nd period - Kyle Turris wins face-off versus Greg Mauldin in Tamiflu zone.
16:06 of 2nd period - Wrist shot by Kyle Turris.
16:06 of 2nd period - Deflect By Greg Mauldin.
16:06 of 2nd period - Stopped by Tyler Beskorowany with a rebound.
16:12 of 2nd period - Minor Penalty to Robert Dome for Holding.
16:13 of 2nd period - Petr Pohl wins face-off versus Peter Mueller in Tamiflu zone.
17:00 of 2nd period - Wrist shot by Jamie Arniel.
17:00 of 2nd period - Deflect By Mike Duco.
17:00 of 2nd period - Shot Misses the Net.
17:00 of 2nd period - Puck is out of play.
17:01 of 2nd period - Jamie Arniel wins face-off versus Peter Mueller in Sewer Rats zone.
17:29 of 2nd period - Nathan Oystrick is hit by Richard Jackman and loses puck.
17:56 of 2nd period - Greg Mauldin is hit by Vojtech Polak and loses puck.
18:12 of 2nd period - Penalty to Robert Dome is over, Robert Dome is back on ice.
19:01 of 2nd period - Richard Jackman is hit by Adam Larsson.
19:11 of 2nd period - Evan Brophey is hit by Robert Dome and loses puck.
19:20 of 2nd period - Minor Penalty to Ville Leino for Hooking.
19:21 of 2nd period - Vincent Trocheck wins face-off versus Greg Mauldin in Sewer Rats zone.
Goals for this period are 1 for Tamiflu vs 2 for Sewer Rats.
Shots for this period are 9 for Tamiflu vs 13 for Sewer Rats.

3rd period


0:01 of 3rd period - Vincent Trocheck wins face-off versus Greg Mauldin in neutral zone.
0:12 of 3rd period - Wrist shot by Greg Mauldin.
0:12 of 3rd period - Shot Misses the Net.
0:14 of 3rd period - Wrist shot by Robert Dome.
0:14 of 3rd period - Stopped by Richard Bachman without a rebound.
0:15 of 3rd period - Greg Mauldin wins face-off versus Vincent Trocheck in Sewer Rats zone.
0:22 of 3rd period - Snap shot by Robert Dome.
0:22 of 3rd period - Shot Misses the Net.
0:24 of 3rd period - Snap shot by Greg Mauldin.
0:24 of 3rd period - Shot Misses the Net.
0:58 of 3rd period - Slapshot by Kyle Quincey.
0:58 of 3rd period - Stopped by Tyler Beskorowany with a rebound.
1:20 of 3rd period - Penalty to Ville Leino is over, Ville Leino is back on ice.
1:32 of 3rd period - Snap shot by Jan Mursak.
1:32 of 3rd period - Stopped by Richard Bachman with a rebound.
1:48 of 3rd period - Wrist shot by Mattias Tedenby.
1:48 of 3rd period - Stopped by Richard Bachman with a rebound.
2:31 of 3rd period - Robert Dome is hit by Kyle Quincey and loses puck.
2:50 of 3rd period - Slapshot by Matt Lashoff.
2:50 of 3rd period - Shot Misses the Net.
2:52 of 3rd period - Slapshot by Matt Lashoff.
2:52 of 3rd period - Stopped by Tyler Beskorowany with a rebound.
3:25 of 3rd period - Slapshot by Richard Jackman.
3:25 of 3rd period - Shot Misses the Net.
3:27 of 3rd period - Slapshot by Matt Lashoff.
3:27 of 3rd period - Shot Blocked by Nathan Oystrick.
3:29 of 3rd period - Snap shot by Kyle Turris.
3:29 of 3rd period - Shot Blocked by Jordan Hendry.
3:31 of 3rd period - Wrist shot by Vojtech Polak.
3:31 of 3rd period - Deflect By Kyle Turris.
3:31 of 3rd period - Stopped by Tyler Beskorowany without a rebound.
3:32 of 3rd period - Jamie Arniel wins face-off versus Kyle Turris in Tamiflu zone.
3:45 of 3rd period - Snap shot by Mattias Tedenby.
3:45 of 3rd period - Stopped by Richard Bachman with a rebound.
4:09 of 3rd period - Wrist shot by Vojtech Polak.
4:09 of 3rd period - Shot Misses the Net.
4:13 of 3rd period - Snap shot by Kyle Turris.
4:13 of 3rd period - Stopped by Tyler Beskorowany with a rebound.
4:23 of 3rd period - Wrist shot by Jared Boll.
4:23 of 3rd period - Stopped by Tyler Beskorowany without a rebound.
4:24 of 3rd period - Jamie Arniel wins face-off versus Peter Mueller in Tamiflu zone.
4:29 of 3rd period - Snap shot by Tye McGinn.
4:29 of 3rd period - Goal by Tye McGinn - Tamiflu : 4 - Sewer Rats : 2.
4:30 of 3rd period - Jamie Arniel wins face-off versus Peter Mueller in neutral zone.
4:43 of 3rd period - Slapshot by Ville Leino.
4:43 of 3rd period - Shot Misses the Net.
5:04 of 3rd period - Wrist shot by Robert Dome.
5:04 of 3rd period - Shot Misses the Net.
5:06 of 3rd period - Snap shot by Stefan Elliott.
5:06 of 3rd period - Deflect By Greg Mauldin.
5:06 of 3rd period - Stopped by Richard Bachman without a rebound.
5:07 of 3rd period - Jamie Arniel wins face-off versus Peter Mueller in Sewer Rats zone.
5:34 of 3rd period - Snap shot by Jared Boll.
5:34 of 3rd period - Goal by Jared Boll - Tamiflu : 4 - Sewer Rats : 3.
5:35 of 3rd period - Peter Mueller wins face-off versus Jamie Arniel in neutral zone.
5:38 of 3rd period - Slapshot by Richard Jackman.
5:38 of 3rd period - Deflect By Ville Leino.
5:38 of 3rd period - Shot Misses the Net.
5:38 of 3rd period - Puck is out of play.
5:39 of 3rd period - Peter Mueller wins face-off versus Jamie Arniel in Tamiflu zone.
5:57 of 3rd period - Minor Penalty to Stefan Elliott for Roughing.
5:58 of 3rd period - Peter Mueller wins face-off versus Petr Pohl in Tamiflu zone.
7:08 of 3rd period - Petr Pohl is hit by Vojtech Polak and loses puck.
7:16 of 3rd period - Icing by Kyle Turris.
7:17 of 3rd period - Greg Mauldin wins face-off versus Vojtech Polak in Sewer Rats zone.
7:18 of 3rd period - Slapshot by Nathan Oystrick.
7:18 of 3rd period - Stopped by Richard Bachman with a rebound.
7:20 of 3rd period - Slapshot by Adam Larsson.
7:20 of 3rd period - Deflect By Lucas Lessio.
7:20 of 3rd period - Shot Misses the Net.
7:20 of 3rd period - Puck is out of play.
7:21 of 3rd period - Peter Mueller wins face-off versus Greg Mauldin in Sewer Rats zone.
7:21 of 3rd period - Peter Mueller is hit by Lucas Lessio.
7:33 of 3rd period - Snap shot by Peter Mueller.
7:33 of 3rd period - Shot Misses the Net.
7:35 of 3rd period - Slapshot by Matt Lashoff.
7:35 of 3rd period - Shot Blocked by Nathan Oystrick.
7:47 of 3rd period - Slapshot by Vojtech Polak.
7:47 of 3rd period - Shot Misses the Net.
7:49 of 3rd period - Wrist shot by Kyle Turris.
7:49 of 3rd period - Shot Blocked by Adam Larsson.
7:51 of 3rd period - Wrist shot by Kyle Turris.
7:51 of 3rd period - Shot Blocked by Nathan Oystrick.
7:53 of 3rd period - Snap shot by Kyle Quincey.
7:53 of 3rd period - Goal by Kyle Quincey - Tamiflu : 4 - Sewer Rats : 4.
7:54 of 3rd period - Jamie Arniel wins face-off versus Peter Mueller in neutral zone.
7:59 of 3rd period - Slapshot by Mattias Tedenby.
7:59 of 3rd period - Shot Misses the Net.
8:19 of 3rd period - Mattias Tedenby is hit by Richard Jackman and loses puck.
8:44 of 3rd period - Slapshot by Robert Dome.
8:44 of 3rd period - Shot Misses the Net.
9:23 of 3rd period - Jordan Hendry is hit by Mattias Ekholm and loses puck.
9:53 of 3rd period - Wrist shot by Robert Dome.
9:53 of 3rd period - Stopped by Richard Bachman without a rebound.
9:54 of 3rd period - Peter Mueller wins face-off versus Colin Greening in Sewer Rats zone.
10:21 of 3rd period - Snap shot by Robert Dome.
10:21 of 3rd period - Stopped by Richard Bachman without a rebound.
10:22 of 3rd period - Kyle Turris wins face-off versus Greg Mauldin in Sewer Rats zone.
11:11 of 3rd period - Stefan Elliott is hit by Patrick Bordeleau and loses puck.
11:25 of 3rd period - Icing by Steven Kampfer.
11:26 of 3rd period - Casey Wellman wins face-off versus Evan Brophey in Sewer Rats zone.
11:45 of 3rd period - Wrist shot by Patrick Bordeleau.
11:45 of 3rd period - Shot Misses the Net.
11:47 of 3rd period - Wrist shot by Ville Leino.
11:47 of 3rd period - Goal by Ville Leino - Tamiflu : 4 - Sewer Rats : 5.
11:48 of 3rd period - Greg Mauldin wins face-off versus Kyle Turris in neutral zone.
12:48 of 3rd period - Snap shot by Jordan Hendry.
12:48 of 3rd period - Shot Misses the Net.
12:50 of 3rd period - Backhand shot by Greg Mauldin.
12:50 of 3rd period - Shot Misses the Net.
13:50 of 3rd period - Jordan Hendry is hit by Ville Leino and loses puck.
14:37 of 3rd period - Snap shot by Jan Mursak.
14:37 of 3rd period - Stopped by Richard Bachman with a rebound.
15:09 of 3rd period - Wrist shot by Mark Mancari.
15:09 of 3rd period - Stopped by Tyler Beskorowany without a rebound.
15:10 of 3rd period - Kyle Turris wins face-off versus Casey Wellman in Tamiflu zone.
15:13 of 3rd period - Snap shot by Vojtech Polak.
15:13 of 3rd period - Shot Hit the Post.
16:01 of 3rd period - Minor Penalty to Vojtech Polak for Hooking.
16:02 of 3rd period - Jamie Arniel wins face-off versus Ville Leino in Sewer Rats zone.
16:40 of 3rd period - Slapshot by Matt Lashoff.
16:40 of 3rd period - Stopped by Tyler Beskorowany with a rebound.
18:00 of 3rd period - Matt Lashoff is hit by Lucas Lessio and loses puck.
18:01 of 3rd period - Penalty to Vojtech Polak is over, Vojtech Polak is back on ice.
18:56 of 3rd period - Petr Pohl is hit by Jared Boll and loses puck.
19:13 of 3rd period - Tamiflu, Tyler Beskorowany is pulled from the net.
19:13 of 3rd period - Snap shot by Greg Mauldin.
19:13 of 3rd period - Stopped by Richard Bachman with a rebound.
19:15 of 3rd period - Wrist shot by Philip Samuelsson.
19:15 of 3rd period - Shot Misses the Net.
19:17 of 3rd period - Slapshot by Philip Samuelsson.
19:17 of 3rd period - Stopped by Richard Bachman without a rebound.
19:18 of 3rd period - Craig Hartsburg call a timeout for Tamiflu.
19:18 of 3rd period - Greg Mauldin wins face-off versus Peter Mueller in Sewer Rats zone.
19:32 of 3rd period - Icing by Mark Mancari.
19:33 of 3rd period - Greg Mauldin wins face-off versus Peter Mueller in Sewer Rats zone.
19:46 of 3rd period - Slapshot by Greg Mauldin.
19:46 of 3rd period - Shot Misses the Net.
Goals for this period are 1 for Tamiflu vs 3 for Sewer Rats.
Shots for this period are 12 for Tamiflu vs 10 for Sewer Rats.